AoeStats
← NuMa | Gacha

Nomad

503689949Analyzed
2v2 RM · 1mo ago on Sep 1, 2026· 25m 10s· 4 players
Game mode
Random Map
Map size
176×176
Population
200
Speed
Normal
Resources
Standard
Victory
Conquest
Starting age
Dark Age
Ending age
Imperial Age
RankedLock teamsTeams togetherTeam positionsShared explorationLock speedFull tech treeHidden civsTurbo modeCheats
Victory
Defeat
🇦🇺 Japanese · Australia
1076
+16
🇺🇸 Shu · United States
1072
+17
🇨🇴 Turks · Colombia
1107
-18
🇨🇴 Wu · Colombia
1060
-15
CHUPA <AUS>
4:01 Loom
13:58 Feudal Age
14:41 Town Watch
15:01 Double-Bit Axe
16:57 Gold Mining
20:32 Fletching
20:43 Padded Archer Armor
24:00 Horse Collar
AstroBoy1741
11:01 Loom
13:37 Feudal Age
18:20 Castle Age
16:21 Double-Bit Axe
16:31 Gold Mining
19:31 Wheelbarrow
20:06 Bow Saw
NuMa | Gacha
4:48 Loom
15:06 Feudal Age
19:13 Castle Age
25:06 Imperial Age
23:33 Double-Bit Axe
nothing
4:28 Loom
12:36 Feudal Age
15:53 Man-at-Arms
16:03 Man-at-Arms
16:49 Double-Bit Axe
17:29 Arson
18:41 Fletching
19:04 Forging
19:30 Scale Mail Armor
23:35 Castle Age
21:58 Horse Collar
23:55 Padded Archer Armor
Connection lost

Rejoining the realm…

Still unreachable

The connection could not be restored.

Session expired

The server has moved on; the page needs a fresh start.